 Dungeon Crawl Stone Soup version 0.16-a0-3212-g68818ff (webtiles) character file.

14242 Johnny the Fighter (level 11, -1/95 HPs)
             Began as a Mummy Hunter on Dec 19, 2014.
             Was an Elder of Okawaru.
             Slain by a blink frog (7 damage)
             ... on level 1 of the Lair of Beasts.
             The game lasted 00:45:48 (17478 turns).

Johnny the Fighter (Mummy Hunter)                  Turns: 17478, Time: 00:45:48

Health: -1/95      AC:  6    Str: 15      XL:     11   Next: 86%
Magic:  9/11       EV: 20    Int:  8 (10) God:    Okawaru [****..]
Gold:   466        SH:  0    Dex: 15      Spells: 0 memorised, 10 levels left

rFire  . . .     SeeInvis .     t - +8 quarterstaff (chaos)
rCold  + . .     Clarity  .     x - +0 leather armour {rF+}
rNeg   + + +     SustAb   .     (no shield)
rPois  ∞         Gourm    .     (no helmet)
rElec  .         Spirit   .     e - +1 cloak {rPois}
rCorr  .         Warding  .     (no gloves)
rMut   .         Stasis   .     (no boots)
MR     +++..                    (no amulet)
Stlth  +++.......               a - ring of protection from magic
                                p - ring of protection from magic

@: heroism, extremely resistant to hostile enchantments, fairly stealthy
A: no food or potions, fire vulnerability, restore body, cold resistance 1,
negative energy resistance 3, poison resistance, torment resistance, unbreathing
a: Heroism, Renounce Religion


You were on level 1 of the Lair of Beasts.
You worshipped Okawaru.
Okawaru was greatly pleased with you.
You were not hungry.

You visited 2 branches of the dungeon, and saw 13 of its levels.

You collected 466 gold pieces.

Inventory:

Hand weapons
 b - a +1 hand crossbow
 d - a +1 dagger of venom
 q - a +1 flail of protection
 s - a cursed -2 short sword
 t - a +8 quarterstaff of chaos (weapon)
 u - a +3 mace
 w - a +0 morningstar of protection
Missiles
 A - a bolt of frost
Armour
 e - a +1 cloak of poison resistance (worn)
 i - a +0 cloak
 m - a +3 chain mail of fire resistance
 x - a +0 leather armour of fire resistance (worn)
Jewellery
 a - a ring of protection from magic (right hand)
 c - an uncursed ring of teleportation
 p - a ring of protection from magic (left hand)
Magical devices
 h - a wand of paralysis (0)
 l - a wand of random effects (0)
 n - a wand of fire (0)
 v - a wand of lightning (0)
Scrolls
 f - a scroll of noise
 j - 3 scrolls of amnesia
 k - 2 scrolls of remove curse
 o - 2 scrolls of magic mapping
 r - 3 scrolls of identify
 y - a scroll of immolation


   Skills:
 * Level 11.9(16.9) Fighting
 - Level 10.3(15.3) Crossbows
 + Level 3.8(8.8) Armour
 + Level 7.6(12.6) Dodging
 - Level 0.7(5.7) Stealth


You had 10 spell levels left.
You didn't know any spells.

Dungeon Overview and Level Annotations

Branches:
Dungeon (11/15)            Temple (0/1) D:5            Lair (2/8) D:8
    Orc: D:9-12

Altars:
Cheibriados
Dithmenos
Elyvilon
Fedhas
Nemelex Xobeh
Okawaru
Qazlal
Sif Muna
Vehumet
Xom
Zin
The Shining One

Annotations:
D:10 Harold


Innate Abilities, Weirdness & Mutations

You do not eat or drink.
Your flesh is vulnerable to fire.
Your flesh is cold resistant.
You are immune to negative energy.
Your system is resistant to poisons.
You are immune to unholy pain and torment.
You can survive without breathing.


Message History

The blink frog blinks! x3
Use which ability? (? or * to list)
You gain the combat prowess of a mighty hero.
The blink frog blinks!
The water moccasin closely misses you. The quokka bites you.
* * * LOW HITPOINT WARNING * * *
The porcupine barely misses you.
The water moccasin bites you but does no damage.
The blink frog blinks!
The blink frog gives a loud, deep croak!
The blink frog blinks!
The water moccasin misses you.
Found a quarterstaff.
The porcupine barely misses you.
The blink frog blinks!
The blink frog completely misses you. The quokka misses you.
The blink frog completely misses you.
The blink frog blinks!
The blink frog blinks!
The porcupine misses you.
The blink frog blinks!
The blink frog completely misses you.
The blink frog blinks!
The blink frog closely misses you. The blink frog hits you!
You die...

.................................
...............$....... ...
........................
...............>........
........................
........................
§.......................
.........................
..........F.§...@........
...............rFF.......
...............FrS.......
..#......................
.........................
..............F.....(....
........§..F............
.##....................)
#.#.....................


You could see 6 blink frogs, a water moccasin, a porcupine and a quokka.

Vanquished Creatures
  An unseen horror (D:10)
  A black mamba (Lair:1)
  3 elephants (Lair:2)
  A spiny frog (Lair:1)
  2 blink frogs (Lair:1)
  2 basilisks
  A vampire (D:10)
  The ghost of asdu the Purifying Orc, an average HOHe of Elyvilon (D:4)
  2 hungry ghosts
  18 yaks
  The ghost of dadoka the Spear-Bearer, an average MfGl (D:3)
  A hippogriff (D:10)
  A vampire mosquito (D:10)
  A water moccasin (Lair:2)
  3 sky beasts
  5 porcupines
  4 necrophages
  8 ogres
  3 orc warriors
  An eye of draining (D:9)
  3 phantoms
  A black bear (D:8)
  2 ice beasts
  5 centaurs
  2 brain worms (D:8)
  7 crocodiles
  2 boring beetles (D:8)
  A big kobold (D:7)
  A wyvern zombie (D:10)
  8 giant frogs
  4 killer bees
  A water moccasin skeleton (D:5)
  2 scorpions
  A gnoll sergeant (D:5)
  11 wights
  A giant frog zombie (D:6)
  3 hounds
  3 crimson imps
  A goliath beetle (D:6)
  2 yellow wasp zombies
  2 centaur zombies
  3 jellies
  Crazy Yiuf (D:7)
  7 orc priests
  A centaur skeleton (D:9)
  17 orc wizards
  4 iguanas
  8 worker ants
  2 killer bee zombies (D:7)
  7 sheep (Lair:1)
  Terence (D:3)
  A hound skeleton (D:3)
  9 adders
  8 gnolls
  2 shadow imps
  11 river rats
  2 giant mites
  A worm (D:2)
  An adder zombie (D:8)
  3 adder skeletons
  7 giant geckos
  52 orcs
  9 bats
  2 bat skeletons
  7 giant cockroaches
  7 goblins
  9 hobgoblins
  18 kobolds
  3 quokkas
  A ball python (D:5)
  6 giant newts
  A giant spore (D:7)
  9 jackals
  9 rats
  A butterfly (D:5)
353 creatures vanquished.

Vanquished Creatures (others)
  2 deep elf magi (D:9)
  4 giant spores (D:10)
  3 ballistomycetes (D:10)
  7 plants (D:8)
16 creatures vanquished.

Grand Total: 369 creatures vanquished

Notes
Turn   | Place    | Note
--------------------------------------------------------------
     0 | D:1      | Johnny, the Mummy Hunter, began the quest for the Orb.
     0 | D:1      | Reached XP level 1. HP: 16/16 MP: 1/1
   258 | D:1      | Reached XP level 2. HP: 17/22 MP: 2/2
   630 | D:2      | Found an iron altar of Okawaru.
   644 | D:2      | Became a worshipper of Warmaster Okawaru
   679 | D:2      | Reached XP level 3. HP: 17/27 MP: 3/3
   837 | D:2      | Found a blossoming altar of Fedhas.
  1009 | D:2      | Found an iron altar of Okawaru.
  1012 | D:2      | Reached skill level 4 in Crossbows
  1066 | D:2      | Found a deep blue altar of Sif Muna.
  1326 | D:3      | Noticed an orc warrior
  1328 | D:3      | Reached XP level 4. HP: 34/34 MP: 4/4
  1367 | D:3      | Killed an orc warrior
  1367 | D:3      | Acquired Okawaru's first power
  1367 | D:3      | Reached XP level 5. HP: 15/41 MP: 5/5
  1586 | D:3      | Noticed dadoka's ghost (average MfGl)
  1600 | D:4      | Found a radiant altar of Vehumet.
  1853 | D:4      | Noticed asdu's ghost (average HOHe)
  1885 | D:5      | Entered Level 5 of the Dungeon
  1904 | D:5      | Reached XP level 6. HP: 46/48 MP: 6/6
  1954 | D:5      | Found a staircase to the Ecumenical Temple.
  2403 | D:5      | Found a snail-covered altar of Cheibriados.
  2403 | D:5      | Found a glowing golden altar of the Shining One.
  2453 | D:5      | Reached skill level 5 in Crossbows
  3032 | D:6      | Reached XP level 7. HP: 53/55 MP: 7/7
  3517 | D:6      | Reached skill level 5 in Fighting
  4018 | D:7      | Noticed Crazy Yiuf
  4022 | D:7      | Killed Crazy Yiuf
  4079 | D:7      | Found a sparkling altar of Nemelex Xobeh.
  4237 | D:7      | Reached XP level 8. HP: 57/63 MP: 8/8
  4297 | D:7      | Reached skill level 1 in Armour
  4299 | D:7      | Reached skill level 6 in Crossbows
  5046 | D:7      | Found a shimmering altar of Xom.
  5907 | D:8      | Reached skill level 7 in Fighting
  5907 | D:8      | Reached XP level 9. HP: 56/72 MP: 9/9
  6000 | D:8      | Found a staircase to the Lair.
  6015 | D:8      | Reached skill level 5 in Dodging
  6569 | D:8      | Reached skill level 8 in Fighting
  7745 | D:7      | Received a gift from Okawaru
  8120 | D:8      | Reached XP level 10. HP: 69/82 MP: 10/10
  8162 | D:8      | Reached skill level 9 in Fighting
  8180 | D:8      | Acquired Okawaru's second power
  8985 | D:8      | Received a gift from Okawaru
  9037 | D:8      | Found a shadowy altar of Dithmenos.
  9955 | D:8      | Reached skill level 10 in Fighting
 10971 | D:4      | Killed asdu's ghost
 11054 | D:4      | Noticed an ogre
 11060 | D:4      | Killed an ogre
 11357 | D:3      | Killed dadoka's ghost
 11357 | D:3      | Reached XP level 11. HP: 92/92 MP: 11/11
 11428 | D:3      | Noticed Terence
 11438 | D:3      | Killed Terence
 11601 | D:3      | Found a stormy altar of Qazlal.
 11688 | D:3      | Found a glowing silver altar of Zin.
 11879 | Lair:1   | Entered Level 1 of the Lair of Beasts
 11933 | Lair:1   | Received a gift from Okawaru
 12540 | Lair:2   | Received a gift from Okawaru
 12540 | Lair:2   | Reached skill level 10 in Crossbows
 12807 | Lair:2   | Reached skill level 11 in Fighting
 13305 | D:9      | Found a white marble altar of Elyvilon.
 14985 | D:10     | Entered Level 10 of the Dungeon
 15241 | D:10     | Killed an unseen horror
 16021 | D:10     | Noticed a rakshasa
 16322 | D:10     | Noticed a tengu warrior
 16799 | D:10     | Noticed Harold
 17472 | Lair:1   | HP: 4/95 [quokka (1)]
 17478 | Lair:1   | Slain by a blink frog

Action                   |  1- 3 |  4- 6 |  7- 9 | 10-12 || total
-------------------------+-------+-------+-------+-------++-------
Melee: Short sword       |    29 |       |       |       ||    29
       Quarterstaff      |       |       |    46 |   347 ||   393
       Hand crossbow     |       |       |       |     1 ||     1
       Dagger            |       |       |       |     7 ||     7
 Fire: Hand crossbow     |    78 |   122 |   321 |   496 ||  1017
Invok: Heroism           |       |       |     2 |     6 ||     8
Evoke: Wand              |       |     1 |     7 |     8 ||    16
  Use: Scroll            |       |     1 |     8 |    14 ||    23
 Stab: Confused          |       |       |     1 |     1 ||     2
       Petrifying        |       |       |     1 |       ||     1
       Petrified         |       |       |     1 |       ||     1
       Paralysed         |       |       |       |    10 ||    10
       Sleeping          |       |       |       |     1 ||     1
